 Dungeon Crawl Stone Soup version 0.30-a0-883-g5ad918d77d (webtiles) character file.

Game seed: 3557792332892000087

9191 Rocko1345 the Nimble (level 11, -2/89 HPs)
             Began as a Gnoll Monk on Mar 15, 2023.
             Was an Elder of Okawaru.
             Slain by a small abomination (9 damage)
             ... on level 2 of the Abyss.
             The game lasted 00:27:04 (8766 turns).

Rocko1345 the Nimble (Gnoll Monk)                   Turns: 8766, Time: 00:27:04

Health: -2/89      AC: 16    Str: 19    XL:     11   Next: 42%
Magic:  0/20       EV:  9    Int: 11    God:    Okawaru [****..]
Gold:   1116       SH:  0    Dex: 15    Spells: 23/23 levels left

rFire   + . .      SeeInvis .    n - +3 trident of the Dead {protect, rF+ rC+}
rCold   + . .      Faith    .    (no shield)
rNeg    . . .      Spirit   +    e - +0 plate armour
rPois   .          Reflect  .    B - +1 hat
rElec   .          Rampage  .    (no cloak)
rCorr   .                        (no gloves)
Will    +....                    C - +1 pair of boots Stlth
                                 E - amulet of guardian spirit
HPRegen 0.34/turn                o - +6 ring of strength
MPRegen 0.17/turn                r - ring of willpower

@: no status effects
A: fangs 1, strong nose, distributed training
a: Renounce Religion, Heroism, Finesse


You were on level 2 of the Abyss.
You worshipped Okawaru.
Okawaru was greatly pleased with you.
You visited 2 branches of the dungeon, and saw 10 of its levels.
You visited the Abyss 1 time.

You collected 1200 gold pieces.
You spent 84 gold pieces at shops.

Inventory:

Hand Weapons
 a - a +0 hand axe
 j - a +0 short sword of freezing
 n - the +3 trident of the Dead (weapon) {protect, rF+ rC+}
   (You took it off a goblin on level 2 of the Dungeon)

   rF:        It protects you from fire.
   rC:        It protects you from cold.
 p - a +3 dagger of venom
 s - a +0 shortbow
 y - a +1 dire flail of protection
 z - a +2 hand axe of electrocution
 K - a +1 great sword
Missiles
 i - 4 throwing nets (quivered)
 t - 21 poisoned darts
 M - 2 javelins
Armour
 b - a +0 robe
 e - a +0 plate armour (worn)
 u - a +3 leather armour of positive energy
 B - a +1 hat (worn)
 C - a +1 pair of boots (worn)
Jewellery
 o - a +6 ring of strength (left hand)
 r - a ring of willpower (right hand)
 E - an amulet of guardian spirit (around neck)
 J - a ring of flight
Wands
 v - a wand of flame (27)
 I - a wand of polymorph (12)
 L - a wand of roots (1)
Scrolls
 f - 2 scrolls of amnesia
 k - a scroll of magic mapping
 w - 2 scrolls of identify
 x - a scroll of teleportation
 A - a scroll of poison
 G - a scroll of enchant armour {unknown}
Potions
 c - 4 potions of ambrosia
 g - 4 potions of attraction
 h - a potion of brilliance {unknown}
 l - 4 potions of mutation
 m - 2 potions of lignification
 q - 2 potions of flight {unknown}
 D - 2 potions of might {unknown}
 F - a potion of invisibility {unknown}
 H - 2 potions of cancellation {unknown}


   Skills:
 + Level 9.3 Fighting
 + Level 6.5 Short Blades
 + Level 6.5 Long Blades
 + Level 9.3 Axes
 + Level 6.5 Maces & Flails
 + Level 6.5 Polearms
 + Level 6.5 Staves
 + Level 6.5 Ranged Weapons
 + Level 6.5 Throwing
 + Level 6.5 Armour
 + Level 9.3 Dodging
 + Level 7.8 Stealth
 + Level 6.5 Shields
 + Level 6.5 Unarmed Combat
 + Level 6.5 Spellcasting
 + Level 5.4 Conjurations
 + Level 5.4 Hexes
 + Level 5.4 Summonings
 + Level 5.4 Necromancy
 + Level 5.4 Translocations
 + Level 5.4 Transmutations
 + Level 5.4 Fire Magic
 + Level 5.4 Ice Magic
 + Level 5.4 Air Magic
 + Level 5.4 Earth Magic
 + Level 5.4 Poison Magic
 + Level 7.1 Invocations
 + Level 6.5 Evocations


You had 23 spell levels left.
You didn't know any spells.
Your spell library contained the following spells:

 Spells                   Type           Power      Damage    Failure   Level
 Apportation              Tloc           30%        N/A       45%         1
 Freeze                   Ice            60%        1d7       45%         1
 Sandblast                Erth           30%        2d9       45%         1
 Passwall                 Tmut/Erth      12%        N/A       61%         2
 Frozen Ramparts          Ice            30%        1d5       83%         3
 Hailstorm                Conj/Ice       15%        3d5       83%         3
 Ignite Poison            Fire/Tmut/Pois 15%        N/A       83%         3
 Stone Arrow              Conj/Erth      30%        3d8       83%         3
 Sticky Flame             Conj/Fire      15%        2d4       99%         4
 Alistair's Intoxication  Tmut/Pois      10%        N/A       100%        5
 Ignition                 Fire           7%         3d5       100%        8


Dungeon Overview and Level Annotations

Branches:
Dungeon (9/15)             Temple (1/1) D:6
   Lair: D:8-11         Orc: D:9-12

Altars:
Ashenzari
Cheibriados
Dithmenos
Elyvilon
Fedhas
Gozag
Kikubaaqudgha
Makhleb
Nemelex Xobeh
Okawaru
Qazlal
Ru
Trog
Uskayaw
Xom
Yredelemnul
Zin
The Shining One

Shops:
D:7 !=?


Innate Abilities, Weirdness & Mutations

You have very sharp teeth.
Your uncanny sense of smell can sniff out nearby items.
Your experience applies equally to all skills.


Message History

You hit the small abomination.
Your punch misses the small abomination.
The small abomination is almost destroyed.
The small abomination hits you but does no damage.
The small abomination hits you.
* * * LOW HITPOINT WARNING * * *
You hit the small abomination.
The small abomination is almost destroyed.
The small abomination hits you!
* * * LOW HITPOINT WARNING * * *
The small abomination hits you.
* * * LOW HITPOINT WARNING * * *
You puncture the small abomination!
You destroy the small abomination!
Okawaru accepts your kill. The small abomination hits you!
* * * LOW HITPOINT WARNING * * *
You feel better.
The small abomination hits you but does no damage.
You are confused.
You feel invigorated. The small abomination hits you.
* * * LOW HITPOINT WARNING * * *
Found a gateway leading deeper into the Abyss.
You feel less invigorated.
You feel less confused. The small abomination hits you!
* * * LOW HITPOINT WARNING * * *
A neqoxec comes into view.
The small abomination hits you.
* * * LOW HITPOINT WARNING * * *
The small abomination attacks as you move away!
The small abomination hits you but does no damage.
The small abomination barely misses you.
The small abomination attacks as you move away!
The small abomination hits you!
* * * LOW HITPOINT WARNING * * *
The small abomination closely misses you.
The small abomination attacks as you move away!
The small abomination hits you!
You die...

... # . #.. #
#.. . .
#.3#######. . ..
##....(.......
..
###......#####..
..#
#...#.....####
....
##.#..x......# .
#....@........ .
#.#.......... .
#..........#.##
...##.....#.#...
## ..#.>.......
##.#.....#.#
.....###.#.
.##.#.. ##


You could see a neqoxec and a small abomination.

Vanquished Creatures
  Gastronok (D:8)
  Erica (D:9)
  The ghost of AverageBear the Cleaver, a novice OpFi (D:6)
  A smoke demon (Abyss:2)
  A gargoyle (D:8)
  A queen bee (D:9)
  3 trolls (D:9)
  Grinder (D:4)
  A wyvern (D:8)
  A wraith (D:9)
  11 yaks
  Sigmund (D:2)
  Eustachio (D:4)
  Edmund (D:4)
  Duvessa (D:4)
  An orc warrior (D:6)
  An ice beast (D:6)
  2 ogres
  3 centaurs
  2 small abominations (Abyss:2)
  2 phantoms (D:5)
  A kobold brigand (D:8)
  A gnoll sergeant (D:6)
  2 bullfrogs
  3 scorpions
  9 wights
  Dowan (D:4)
  14 killer bees (D:9)
  A howler monkey (D:9)
  2 hounds
  3 jellies
  An orc priest (D:5)
  Jessica (D:2)
  A sleepcap (D:5)
  Ijyb (D:3)
  3 iguanas
  4 orc wizards
  4 gnolls (D:6)
  7 adders
  2 ufetubi
  A dart slug (D:5)
  20 orcs
  5 ball pythons
  8 endoplasms
  4 giant cockroaches
  8 goblins
  5 hobgoblins
  6 jackals
  3 quokkas
  7 bats
  5 frilled lizards
  8 kobolds
  4 rats
183 creatures vanquished.

Vanquished Creatures (others)
  A sky beast (D:8)
1 creature vanquished.

Grand Total: 184 creatures vanquished

Notes
Turn   | Place    | Note
-------+----------+-------------------------------------------
     0 | D:1      | Rocko1345 the Gnoll Monk began the quest for the Orb.
     0 | D:1      | Reached XP level 1. HP: 23/23 MP: 1/1
   107 | D:1      | Reached XP level 2. HP: 25/29 MP: 2/2
   522 | D:1      | Reached XP level 3. HP: 35/35 MP: 3/3
   914 | D:2      | Identified the +3 trident of the Dead {protect, rF+ rC+}
   923 | D:2      | Reached skill level 1 in Invocations
   944 | D:2      | Noticed Sigmund
   967 | D:2      | Killed Sigmund
   968 | D:2      | Reached skill level 1 in Short Blades
   968 | D:2      | Reached skill level 1 in Long Blades
   968 | D:2      | Reached skill level 1 in Maces & Flails
   968 | D:2      | Reached skill level 1 in Polearms
   968 | D:2      | Reached skill level 1 in Staves
   968 | D:2      | Reached skill level 1 in Ranged Weapons
   968 | D:2      | Reached skill level 1 in Throwing
   968 | D:2      | Reached skill level 1 in Armour
   968 | D:2      | Reached skill level 1 in Shields
   968 | D:2      | Reached skill level 1 in Unarmed Combat
   968 | D:2      | Reached skill level 1 in Spellcasting
   968 | D:2      | Reached skill level 1 in Conjurations
   968 | D:2      | Reached skill level 1 in Hexes
   968 | D:2      | Reached skill level 1 in Summonings
   968 | D:2      | Reached skill level 1 in Necromancy
   968 | D:2      | Reached skill level 1 in Translocations
   968 | D:2      | Reached skill level 1 in Transmutations
   968 | D:2      | Reached skill level 1 in Fire Magic
   968 | D:2      | Reached skill level 1 in Ice Magic
   968 | D:2      | Reached skill level 1 in Air Magic
   968 | D:2      | Reached skill level 1 in Earth Magic
   968 | D:2      | Reached skill level 1 in Poison Magic
   968 | D:2      | Reached skill level 1 in Evocations
   968 | D:2      | Reached XP level 4. HP: 20/41 MP: 4/6
   968 | D:2      | Reached XP level 5. HP: 23/47 MP: 4/7
  1234 | D:2      | Noticed Jessica
  1249 | D:2      | Killed Jessica
  1462 | D:2      | You fall into a shaft and drop 2 floors!
  1471 | D:4      | Reached XP level 6. HP: 53/53 MP: 8/8
  1572 | D:4      | Noticed Eustachio
  1607 | D:4      | Killed Eustachio
  1785 | D:4      | Noticed Duvessa
  1825 | D:3      | Reached XP level 7. HP: 60/60 MP: 10/10
  1980 | D:3      | Noticed Ijyb
  1989 | D:3      | Killed Ijyb
  2619 | D:4      | Killed Duvessa
  2620 | D:4      | Reached skill level 5 in Stealth
  2622 | D:4      | Noticed Dowan
  2667 | D:4      | Killed Dowan
  2669 | D:4      | Identified the +1 ring mail "Bujuss" {*Slow +Blink rPois
                  | Str+3}
  2946 | D:4      | Noticed Edmund
  2972 | D:4      | Killed Edmund
  2980 | D:4      | Identified the +0 scale mail of an ice cave {Str+2 SInv}
  3074 | D:4      | Reached XP level 8. HP: 66/67 MP: 12/12
  3228 | D:4      | Noticed Grinder
  3233 | D:4      | Paralysed by Grinder for 4 turns
  3244 | D:4      | Killed Grinder
  3503 | D:5      | Entered Level 5 of the Dungeon
  3532 | D:5      | Found a bloodstained altar of Trog.
  4656 | D:6      | Reached XP level 9. HP: 68/73 MP: 14/14
  4673 | D:6      | Found a staircase to the Ecumenical Temple.
  4700 | Temple   | Entered the Ecumenical Temple
  4759 | Temple   | Became a worshipper of Warmaster Okawaru
  4759 | Temple   | Reached * piety under Okawaru
  4759 | Temple   | Reached ** piety under Okawaru
  4968 | D:6      | Found a broken altar of Ashenzari.
  5201 | D:6      | Found a shimmering altar of Xom.
  5310 | D:6      | Found a runed translucent gate.
  5310 | D:6      | Found a runed translucent gate.
  5311 | D:6      | Found a runed translucent gate.
  5311 | D:6      | Noticed AverageBear's ghost (novice OpFi)
  5574 | D:6      | Killed AverageBear's ghost
  5575 | D:6      | Reached skill level 5 in Invocations
  5722 | D:7      | Found Esalismae's Distillery.
  5730 | D:7      | Bought 2 potions of curing for 84 gold pieces
  5996 | D:7      | Found a sacrificial altar of Ru.
  6021 | D:7      | Found Yxuf's Magic Scroll Emporium.
  6300 | D:7      | Found Nanuenua's Jewellery Emporium.
  6716 | D:8      | Identified a scroll of acquirement
  6716 | D:8      | Acquired 683 gold pieces
  6858 | D:8      | Noticed Gastronok
  6873 | D:8      | Reached *** piety under Okawaru
  6874 | D:8      | Reached skill level 5 in Short Blades
  6874 | D:8      | Reached skill level 5 in Long Blades
  6874 | D:8      | Reached skill level 5 in Maces & Flails
  6874 | D:8      | Reached skill level 5 in Polearms
  6874 | D:8      | Reached skill level 5 in Staves
  6874 | D:8      | Reached skill level 5 in Ranged Weapons
  6874 | D:8      | Reached skill level 5 in Throwing
  6874 | D:8      | Reached skill level 5 in Armour
  6874 | D:8      | Reached skill level 5 in Shields
  6874 | D:8      | Reached skill level 5 in Unarmed Combat
  6874 | D:8      | Reached skill level 5 in Spellcasting
  6874 | D:8      | Reached skill level 5 in Evocations
  6874 | D:8      | Reached XP level 10. HP: 80/81 MP: 15/17
  6921 | D:8      | HP: 2/82 [Gastronok (14)]
  6924 | D:8      | Killed Gastronok
  7158 | D:8      | Noticed a gargoyle
  7178 | D:8      | Killed a gargoyle
  7348 | D:8      | Reached **** piety under Okawaru
  7744 | D:9      | Noticed Erica
  7762 | D:9      | Killed Erica
  7763 | D:9      | Reached skill level 5 in Conjurations
  7763 | D:9      | Reached skill level 5 in Hexes
  7763 | D:9      | Reached skill level 5 in Summonings
  7763 | D:9      | Reached skill level 5 in Necromancy
  7763 | D:9      | Reached skill level 5 in Translocations
  7763 | D:9      | Reached skill level 5 in Transmutations
  7763 | D:9      | Reached skill level 5 in Fire Magic
  7763 | D:9      | Reached skill level 5 in Ice Magic
  7763 | D:9      | Reached skill level 5 in Air Magic
  7763 | D:9      | Reached skill level 5 in Earth Magic
  7763 | D:9      | Reached skill level 5 in Poison Magic
  7935 | D:9      | Reached XP level 11. HP: 78/89 MP: 15/20
  7999 | D:9      | Received a gift from Okawaru
  8221 | D:9      | Received a gift from Okawaru
  8644 | D:9      | Noticed a wizard
  8665 | Abyss:2  | Cast into level 2 of the Abyss (a wizard)
  8749 | Abyss:2  | Received a gift from Okawaru
  8766 | Abyss:2  | Slain by a small abomination

Illustrated notes

Levels and vault maps discovered:
D:1:      saegor_arrival_simple_c, layout_basic
D:2:      layout_rooms, uniq_sigmund, uniq_jessica
D:3:      layout_basic, uniq_ijyb
D:4:      layout_basic, kennysheep_generic_room_15, uniq_edmund, uniq_grinder,
          uniq_eustachio, uniq_duvessa
D:5:      layout_cave_pods, mainiacjoe_overflow_boulevard
D:6:      layout_rooms, ashenzari_conservatory_becter, kennysheep_little_box,
          minmay_temple_entry_ruins, ebering_ghost_rock_garden,
          roderic_roman_lattice
D:7:      layout_loops_ring, mainiacjoe_overflow_paths, serial_shops,
          nicolae_diamond_shop, shop, shop
D:8:      layout_gridville, minmay_crystal_room, uniq_gastronok
D:9:      layout_loops_ring, special_room [special_room_bee], uniq_maurice,
          uniq_erica, uniq_joseph, uniq_psyche
Temple:   nicolae_temple_ecumenical_triangle
Abyss:2:  base:
D:6

Skill      XL: |  1  2  3  4  5  6  7  8  9 10 11 |
---------------+----------------------------------+-----
Invocations    | 1 2 3 4 5 6 7 |  7.1
Short Blades   | 1 2 3 5 6 |  6.5
Long Blades    | 1 2 3 5 6 |  6.5
Maces & Flails | 1 2 3 5 6 |  6.5
Polearms       | 1 2 3 5 6 |  6.5
Staves         | 1 2 3 5 6 |  6.5
Ranged Weapons | 1 2 3 5 6 |  6.5
Throwing       | 1 2 3 5 6 |  6.5
Armour         | 1 2 3 5 6 |  6.5
Shields        | 1 2 3 5 6 |  6.5
Unarmed Combat | 1 2 3 5 6 |  6.5
Spellcasting   | 1 2 3 5 6 |  6.5
Conjurations   | 1 2 3 4 5 |  5.4
Hexes          | 1 2 3 4 5 |  5.4
Summonings     | 1 2 3 4 5 |  5.4
Necromancy     | 1 2 3 4 5 |  5.4
Translocations | 1 2 3 4 5 |  5.4
Transmutations | 1 2 3 4 5 |  5.4
Fire Magic     | 1 2 3 4 5 |  5.4
Ice Magic      | 1 2 3 4 5 |  5.4
Air Magic      | 1 2 3 4 5 |  5.4
Earth Magic    | 1 2 3 4 5 |  5.4
Poison Magic   | 1 2 3 4 5 |  5.4
Evocations     | 1 2 3 5 6 |  6.5
Fighting       | 7 8 9 |  9.3
Axes           | 7 8 9 |  9.3
Dodging        | 7 8 9 |  9.3
Stealth        | 5 6 7 |  7.8

Action                     |  1- 3 |  4- 6 |  7- 9 | 10-12 || total
---------------------------+-------+-------+-------+-------++-------
  Melee: Hand axe          |    66 |       |       |       ||    66
         Bite              |     3 |     5 |    35 |    36 ||    79
         Trident           |    19 |    76 |   371 |   316 ||   782
         Short sword       |    18 |       |       |       ||    18
         Punch             |     2 |     2 |    11 |    23 ||    38
  Throw: Javelin           |       |       |       |     4 ||     4
         Throwing net      |       |       |       |     2 ||     2
 Invoke: Heroism           |       |       |     3 |     6 ||     9
         Finesse           |       |       |       |     1 ||     1
    Use: Scroll            |       |       |    11 |     3 ||    14
         Potion            |       |       |     1 |    15 ||    16
   Stab: Sleeping          |     2 |       |       |       ||     2
         Held in net/web   |       |       |       |     1 ||     1
 Armour: Robe              |     8 |       |       |       ||     8
         Plate armour      |   102 |    80 |   251 |   222 ||   655
  Dodge: Dodged            |    22 |    41 |   157 |   183 ||   403

Table legend: (Time is in decaauts)
 A = Elapsed time spent in this place.
 B = Non-inter-level travel time spent in this place.
 C = Inter-level travel time spent in this place.
 D = Time resting spent in this place.
 E = Time spent auto-exploring this place.
 F = Levels seen in this place.
 G = Mean time per level.
                   A        B        C        D        E       F      G
               +--------+--------+--------+--------+--------+-----+--------+
         Total |   8784 |   8465 |    319 |   1737 |   4510 |  11 |  798.5 |
       Dungeon |   8616 |   8297 |    319 |   1695 |   4510 |   9 |  957.3 |
        Temple |     68 |     68 |      0 |      0 |      0 |   1 |   68.0 |
         Abyss |     99 |     99 |      0 |     42 |      0 |   1 |   99.0 |
               +--------+--------+--------+--------+--------+-----+--------+

Top non-repeatable levels by time:
     D:4: 1246 daAuts
     D:8: 1176 daAuts
     D:5: 1115 daAuts
     D:9: 1005 daAuts
     D:6: 1001 daAuts
     D:1: 879 daAuts
     D:7: 773 daAuts
     D:3: 728 daAuts
     D:2: 690 daAuts
 Abyss:2: 99 daAuts
  Temple: 68 daAuts
